Map: Nightscape LE

Players

JhormanCA

  • Race: Protoss Protoss
  • Spawn Location: 7:00

Ales

  • Race: Terran Terran
  • Spawn Location: 7:00

MattBarry - Winner!

  • Race: Terran Terran
  • League: Gold
  • Spawn Location: 1:00

MattBarry - Winner!

  • Race: Zerg Zerg
  • League: Silver
  • Spawn Location: 1:00

VOD

Have the link to the VOD?

Description

Time

  • Played on: Jan. 19, 2023, 9:45 p.m.
  • Length: 7:05
Show
View Real Time Build Order
Export as new Build Order

JhormanCA Protoss 

Build Orders:  

Get SALT Encoding   

  12  0:11  Assimilator  
  12  0:21  Assimilator  
  12  0:24  Probe  
  13  0:36  Probe  
  14  0:48  Probe  
  15  1:06  Nexus  
  15  1:26  Pylon  
  15  1:44  Probe  
  16  1:47  Pylon  
  16  1:56  Probe  
  17  2:10  Probe  
  18  2:19  Probe  
  20  2:22  Probe  
  20  2:30  Pylon  
  20  2:31  Probe  
  20  2:35  Pylon, Probe  
  22  2:43  Probe  
  21  2:56  Gateway  
  21  3:01  Gateway  
  21  3:21  Pylon  
  21  3:24  Forge  
  21  3:31  Probe  
  22  3:44  Probe  
  23  3:50  Cybernetics Core  
  23  3:54  Zealot  
  25  3:56  Probe  
  25  3:59  Zealot  
  28  4:10  Probe  
  29  4:21  Zealot  
  29  4:22  Probe  
  31  4:26  Zealot  
  31  4:30  Gateway  
  30  4:53  Stalker (Chrono Boost)  
  30  4:54  Zealot (Chrono Boost)  
  32  5:15  Stalker (Chrono Boost)  
  32  5:16  Stalker (Chrono Boost)  
  20  5:43  Stalker  
  20  5:45  Stalker  
  4  6:13  Stalker  
Show
View Real Time Build Order
Export as new Build Order

Ales Terran 

Build Orders:  

Get SALT Encoding   

  12  0:15  Supply Depot  
  12  0:22  SCV  
  13  0:34  SCV  
  14  0:42  Refinery  
  14  0:46  SCV  
  15  0:54  Barracks  
  15  0:58  SCV  
  16  1:10  SCV  
  18  1:25  SCV  
  18  1:31  Command Center  
  18  1:37  SCV  
  19  1:43  Marine  
  20  1:51  Refinery  
  20  2:01  Marine  
  21  2:18  Marine  
  22  2:23  SCV  
  23  2:37  Marine  
  23  3:04  Supply Depot  
  23  3:26  Marine, SCV  
  25  3:28  Supply Depot  
  25  3:38  SCV  
  25  3:40  SCV  
  27  3:46  Ghost Academy  
  27  3:50  Marine  
  27  3:51  Engineering Bay  
  27  3:52  SCV  
  29  4:03  Barracks  
  29  4:08  Marine  
  22  4:26  Marine  
  22  4:44  Marine  
  8  5:02  Marine  
Show
View Real Time Build Order
Export as new Build Order

MattBarry Terran - Winner!

Build Orders: 2 Factory, Gas First Reaper Expand 

Get SALT Encoding   

  12  0:00  SCV  
  13  0:12  SCV  
  14  0:17  Supply Depot  
  14  0:24  SCV  
  15  0:31  Refinery  
  15  0:38  SCV  
  16  0:45  Barracks  
  16  0:50  SCV  
  17  1:02  SCV  
  18  1:15  SCV  
  19  1:31  Orbital Command  
  19  1:32  Reaper  
  20  1:34  Supply Depot  
  20  1:58  SCV, Command Center  
  21  2:05  Barracks Reactor  
  21  2:10  SCV  
  21  2:12  Factory  
  22  2:21  Supply Depot  
  22  2:22  SCV  
  23  2:34  SCV  
  24  2:46  SCV  
  24  2:51  Refinery  
  24  2:52  Barracks Tech Lab  
  24  2:57  Factory  
  24  3:02  SCV  
  24  3:04  Hellion  
  24  3:05  Hellion  
  29  3:17  SCV  
  30  3:20  Orbital Command  
  30  3:32  Hellion x2  
  30  3:33  SCV  
  35  3:38  Barracks Reactor  
  35  3:41  Starport  
  35  3:45  SCV  
  36  3:50  SCV  
  36  3:52  Supply Depot  
  36  3:54  Widow Mine x2  
  41  3:57  SCV  
  41  3:59  Refinery  
  41  4:02  SCV  
  43  4:09  SCV  
  44  4:10  Siege Tank  
  44  4:14  SCV  
  48  4:26  SCV x2  
  48  4:28  Widow Mine x2  
  54  4:38  SCV  
  55  4:52  Supply Depot x2  
  55  4:53  SCV x2  
  55  4:54  Supply Depot, Siege Tank  
  55  4:55  Hellion  
  62  5:14  SCV x2, Hellion  
  66  5:26  SCV  
  67  5:29  Siege Tank, Hellion  
  72  5:45  SCV x2  
  72  5:46  Hellion  
  76  5:58  Refinery  
  76  6:00  Liberator x2, Command Center  
  82  6:05  Supply Depot x2  
  82  6:06  Supply Depot  
  82  6:07  Hellion  
  84  6:12  Hellion  
  84  6:16  Siege Tank  
  87  6:40  Supply Depot, Widow Mine x2  
  87  6:41  Supply Depot  
  89  6:53  SCV x2  
  91  6:56  Supply Depot  
Show
View Real Time Build Order
Export as new Build Order

MattBarry Zerg - Winner!

Build Orders: Pool First 

Get SALT Encoding   

  12  0:00  Drone  
  13  0:13  Overlord  
  13  0:17  Drone  
  14  0:31  Drone x2  
  16  0:41  Extractor  
  15  0:45  Spawning Pool  
  15  0:47  Drone  
  15  0:54  Drone  
  16  1:05  Drone  
  16  1:08  Drone  
  18  1:32  Zergling x4  
  19  1:35  Queen  
  22  1:45  Overlord  
  22  1:59  Metabolic Boost  
  22  2:05  Zergling x4  
  24  2:26  Hatchery  
  23  2:42  Zergling x2  
  23  2:43  Zergling x4  
  25  2:54  Zergling x2  
  25  2:55  Zergling x4  
  28  3:10  Hatchery  
  28  3:11  Queen  
  29  3:19  Overlord  
  29  3:20  Overlord  
  29  3:22  Extractor  
  29  3:26  Evolution Chamber x2  
  26  3:31  Zergling x6  
  29  3:46  Drone  
  29  4:32  Drone  
  29  4:33  Drone x8  
  38  4:54  Drone x2  
  40  5:06  Zergling x2  
  41  5:07  Zergling x14  
  48  5:20  Hatchery  
  47  5:41  Zergling x2  
  47  5:42  Zergling x20  
  51  5:56  Zergling x6  
  52  6:02  Zergling x2  
  52  6:03  Zergling x4  
  55  6:19  Baneling Nest  
  55  6:21  Queen  
  58  6:44  Drone  
  58  6:45  Drone x5  
  58  6:46  Overlord x3  
Tags
 
Add a new tag
Caveats
  • Supply blocks, unpowered buildings, or Contaminate may cause inaccurate times.
  • Supply counts are checked every 10 seconds.